 Dungeon Crawl Stone Soup version 0.30.0-29-ga12c61a403 (webtiles) character file.

Game seed: 17786775000897720801

165 monsoonserge the Insei (level 5, -7/33 HPs)
             Began as an Octopode Transmuter on June 6, 2023.
             Mangled by a gnoll
             ... wielding a +0 club
              (9 damage)
             ... on level 3 of the Dungeon.
             The game lasted 00:09:11 (2078 turns).

monsoonserge the Insei (Octopode Transmuter)        Turns: 2078, Time: 00:09:11

Health: -7/33      AC:  1    Str:  9    XL:     5   Next: 46%
Magic:  8/8        EV: 13    Int: 18    God:
Gold:   21         SH:  0    Dex: 12    Spells: 2/8 levels left

rFire   . .          .
                       - Unarmed
rCold   . . .        (no shield)
rNeg    . . .        (helmet currently unavailable)
rPois   .            (no amulet)
rElec   .            (no ring)
rCorr   .            (no ring)
SInv    .            (no ring)
Will    .....        (no ring)
Stlth   +++          (no ring)
HPRegen 0.25/turn    (no ring)
MPRegen 0.11/turn    (no ring)
                     (no ring)

%: no passive effects
@: appendages (expiring), attractive
A: tentacle spike 3, almost no armour, amphibious, 8 rings, camouflage 1,
gelatinous body 1, (nimble swimmer 1), tentacles
a: End Transformation


You were on level 3 of the Dungeon.
One of your tentacles had grown a beastly spike.
You visited 1 branch of the dungeon, and saw 4 of its levels.

You collected 103 gold pieces.
You spent 82 gold pieces at shops.

Inventory:

Missiles
 r - a throwing net
Scrolls
 d - 3 scrolls of teleportation
 f - a scroll of immolation {unknown}
 i - 4 scrolls of identify {unknown}
 k - a scroll of poison {unknown}
 l - a scroll of acquirement {unknown}
 n - a scroll of silence {unknown}
 o - a scroll of blinking {unknown}
 q - a scroll of fear
 s - a scroll of magic mapping {unknown}
Potions
 a - a potion of lignification
 b - a potion of flight {unknown}
 c - a potion of heal wounds {unknown}
 e - 2 potions of attraction
 g - a potion of curing {unknown}
 h - a potion of ambrosia {unknown}
 j - a potion of resistance {unknown}
 m - 3 potions of brilliance {unknown}
 p - a potion of berserk rage {unknown}


   Skills:
 - Level 1.0 Fighting
 - Level 2.0 Dodging
 - Level 1.0 Stealth
 * Level 5.0 Unarmed Combat
 - Level 2.0 Spellcasting
 + Level 3.3 Transmutations
 - Level 1.0 Poison Magic


You had 2 spell levels left.
You knew the following spells:

 Your Spells              Type           Power      Damage    Failure   Level
a - Beastly Appendage     Tmut           26%        N/A       4%          1
b - Wereblood             Tmut           13%        N/A       7%          2
c - Spider Form           Tmut/Pois      9%         N/A       22%         3

Your spell library contained the following spells:

 Spells                   Type           Power      Damage    Failure   Level
 Ice Form                 Ice/Tmut       7%         N/A       65%         4


Dungeon Overview and Level Annotations

Branches:
Dungeon (4/15)
 Temple: D:4-7

Altars:

Shops:
D:1 *([??   D:3 ?


Innate Abilities, Weirdness & Mutations

One of your tentacles has grown a beastly spike.
You cannot wear most types of armour.
You are amphibious.
You can wear up to eight rings at the same time.
Your skin changes colour to match your surroundings (Stealth+).
Your rubbery body absorbs attacks. (AC +1, EV +1)
((You are camouflaged when in or above water. (Stealth+)))
You have tentacles for arms and can constrict up to eight enemies at once.


Message History

You kill the kobold!
You constrict the quokka. The quokka closely misses you. The quokka misses you.
You tentacle-slap the quokka.
You kill the quokka!
A gnoll comes into view. It is wielding a +0 club.
A gnoll comes into view. It is wielding a +0 club.
Things that are here:
a +0 short sword of protection; 2 stones; a kobold corpse A gnoll comes into view.
It is wielding a +0 spear.
Your transformation is almost over.
The gnoll barely misses you.
The gnoll shouts! x2
You tentacle-slap the gnoll. Your grab misses the gnoll.
You pierce the gnoll, but do no damage.
Your squeeze misses the gnoll.
The gnoll is heavily wounded.
The gnoll misses you.
There is a stone staircase leading up here.
The gnoll hits you with a +0 club. The gnoll hits you with a +0 flail.
You climb upwards.
There is a stone staircase leading down here.
You closely miss the gnoll. You grab the gnoll.
You tentacle-slap the gnoll, but do no damage.
You squeeze the gnoll, but do no damage.
The gnoll is heavily wounded.
You constrict the gnoll, but do no damage.
The gnoll hits you with a +0 flail! The gnoll hits you with a +0 club.
You tentacle-slap the gnoll but do no damage.
You grab the gnoll.
You pierce the gnoll.
The gnoll is lightly wounded.
You constrict the gnoll.
You constrict the gnoll, but do no damage.
The gnoll barely misses you. The gnoll hits you with a +0 club!
* * * LOW HITPOINT WARNING * * *
Okay, then.
It was a potion of attraction.
You feel attractive to monsters.
You constrict the gnoll. x2; The gnoll hits you with a +0 flail.
* * * LOW HITPOINT WARNING * * *
The gnoll hits you with a +0 club!
You die...

#.# #....# #.#
##########....# #.#
#.......)..<..# #.#
#.############# #.#
#.#.......# ## #.#
#.#>#####.#####. #.#
#.#.#.........+. #.#
###.#.###.#.#####. #.#
#@g.............+. #.#
#g#.#.###.#.#####. #.#
#................. #)#
#####.............
##.#######################
#.........................
##########################


You could see 2 gnolls.

Vanquished Creatures
  An orc wizard (D:3)
  4 gnolls (D:3)
  2 adders
  A dart slug (D:2)
  9 orcs (D:3)
  6 endoplasms
  3 giant cockroaches
  7 goblins
  6 hobgoblins
  2 jackals (D:2)
  6 quokkas
  7 ball pythons
  3 bats
  A frilled lizard (D:2)
  6 kobolds
  7 rats
71 creatures vanquished.

Notes
Turn   | Place    | Note
-------+----------+-------------------------------------------
     0 | D:1      | monsoonserge the Octopode Transmuter began the quest for
                  | the Orb.
     0 | D:1      | Reached XP level 1. HP: 13/13 MP: 3/3
   130 | D:1      | Found Taeroci's Magic Scroll Shoppe.
   145 | D:1      | Reached XP level 2. HP: 12/18 MP: 3/5
   148 | D:1      | Learned a level 2 spell: Wereblood
   190 | D:1      | Bought a scroll of teleportation for 30 gold pieces
   219 | D:1      | Found Hoag's Antique Armour Shoppe.
   249 | D:1      | Found Paegokk's Magic Scroll Boutique.
   291 | D:1      | Found Kontasa's Antique Weapon Emporium.
   355 | D:1      | Found Vuwecaukib's Assorted Antiques.
   361 | D:1      | Reached XP level 3. HP: 17/23 MP: 4/6
   368 | D:1      | Learned a level 3 spell: Spider Form
   383 | D:1      | Reached skill level 4 in Unarmed Combat
   626 | D:2      | Reached skill level 1 in Poison Magic
  1230 | D:3      | Reached XP level 4. HP: 28/28 MP: 5/7
  1337 | D:1      | Bought a scroll of fear for 52 gold pieces
  1568 | D:3      | Found Vuvon's Magic Scroll Shop.
  1598 | D:3      | Reached XP level 5. HP: 11/33 MP: 8/8
  1988 | D:3      | Reached skill level 1 in Stealth
  1988 | D:3      | Reached skill level 5 in Unarmed Combat
  2078 | D:3      | Mangled by a gnoll

Illustrated notes

Levels and vault maps discovered:
D:1:      dpeg_arrival_stone_temple_mockup, layout_rooms, serial_shops, shop,
          nicolae_shop_waterfront, shop, nicolae_diamond_shop, shop
D:2:      layout_loops_ring, patterned_corridor
D:3:      layout_basic, serial_shops, nicolae_shop_real_fake_doors
D:4:      layout_rooms, minmay_temple_entry_grid, minmay_surrounded

Skill      XL: |  1  2  3  4  5 |
---------------+----------------+-----
Unarmed Combat | 4 5 |  5.0
Poison Magic   | 1 |  1.0
Transmutations | 3 |  3.3
Stealth        | 1 |  1.0
Fighting       | |  1.0
Dodging        | |  2.0
Spellcasting   | |  2.0

Action                     |  1- 3 |  4- 6 || total
---------------------------+-------+-------++-------
  Melee: Unarmed           |    69 |    76 ||   145
         Tentacles         |    10 |    14 ||    24
         Constrict         |    22 |    13 ||    35
         Kick              |    21 |    10 ||    31
         Punch             |     3 |     4 ||     7
   Cast: Beastly Appendage |    19 |     5 ||    24
         Spider Form       |       |     1 ||     1
    Use: Potion            |       |     1 ||     1
   Stab: Sleeping          |     9 |     2 ||    11
 Armour: Skin              |     2 |     1 ||     3
  Dodge: Dodged            |    34 |    46 ||    80
